 Dungeon Crawl Stone Soup version 0.27.1-33-g824d729ab1 (webtiles) character file.

Game seed: 14972189227426775269

489 lordive the Sneak (level 7, -3/43 HPs)
             Began as an Octopode Enchanter on Dec 26, 2021.
             Slain by a water moccasin skeleton (5 damage)
             ... on level 4 of the Dungeon.
             The game lasted 00:09:54 (4014 turns).

lordive the Sneak (Octopode Enchanter)              Turns: 4014, Time: 00:09:55

Health: -3/43      AC:  2    Str:  8    XL:     7   Next: 14%
Magic:  6/11       EV: 13    Int: 19    God:
Gold:   200        SH:  0    Dex: 12    Spells: 4/12 levels left

rFire    . . .     SeeInvis .   h - +2 dagger (drain)
rCold    . . .     Faith    .   (no shield)
rNeg     . . .     Spirit   .   k - +1 hat
rPois    .         Reflect  .   (no amulet)
rElec    .         Harm     .   (no ring)
rCorr    .         Rampage  .   (no ring)
Will     .....                  (no ring)
Stlth    ++++......             (no ring)
HPRegen  0.14/turn              (no ring)
MPRegen  0.12/turn              (no ring)
                                (no ring)
                                (no ring)

@: no status effects
A: almost no armour, amphibious, 8 rings, camouflage 1, gelatinous body 1,
(nimble swimmer 1), tentacles
a: no special abilities


You were on level 4 of the Dungeon.
You visited 2 branches of the dungeon, and saw 5 of its levels.
You also visited: Sewer.

You collected 200 gold pieces.

Inventory:

Hand Weapons
 a - a +1 dagger
 h - a +2 dagger of draining (weapon)
Armour
 k - a +1 hat (worn)
Scrolls
 b - a scroll of vulnerability {unknown}
 c - a scroll of magic mapping {unknown}
 d - 3 scrolls of enchant armour {unknown}
 i - 2 scrolls of silence {unknown}
 n - a scroll of summoning {unknown}
 o - a scroll of amnesia {unknown}
 q - a scroll of teleportation {unknown}
Potions
 e - a potion of flight
 f - a potion of resistance
 g - a potion of might
 j - a potion of curing
 l - a potion of brilliance
 m - a potion of attraction {unknown}
 p - a potion of mutation {unknown}


   Skills:
 + Level 1.1 Fighting
 + Level 2.4 Short Blades
 + Level 3.0 Dodging
 + Level 7.2 Stealth
 + Level 3.3 Spellcasting
 * Level 3.9 Hexes
 + Level 0.6 Translocations
 + Level 1.7 Ice Magic


You had 4 spell levels left.
You knew the following spells:

 Your Spells              Type           Power      Damage    Failure   Level
a - Corona                Hex            20%        N/A       3%          1
b - Ensorcelled Hibernat  Hex/Ice        26%        N/A       7%          2
c - Blink                 Tloc           N/A        N/A       17%         2
d - Confusing Touch       Hex            18%        N/A       9%          3

Your spell library contained the following spells:

 Spells                   Type           Power      Damage    Failure   Level
 Slow                     Hex            18%        N/A       4%          2
 Tukima's Dance           Hex            18%        N/A       9%          3
 Beastly Appendage        Tmut           6%         N/A       16%         1
 Magic Dart               Conj           12%        1d3       16%         1
 Dazzling Flash           Conj/Hex       20%        N/A       21%         3
 Call Imp                 Summ           3%         N/A       22%         2
 Wereblood                Tmut           3%         N/A       22%         2
 Lesser Beckoning         Tloc           2%         N/A       34%         3
 Mephitic Cloud           Conj/Pois/Air  3%         N/A       41%         3
 Spider Form              Tmut/Pois      1%         N/A       41%         3
 Yara's Violent Unravell  Hex/Tmut       5%         3d4       88%         5
 Manifold Assault         Tloc           5%         N/A       97%         5


Dungeon Overview and Level Annotations

Branches:
Dungeon (4/15)             Temple (1/1) D:4           Sewer (visited)

Altars:
Cheibriados
Dithmenos
Elyvilon
Gozag
Kikubaaqudgha
Nemelex Xobeh
Qazlal
Trog
Uskayaw
Xom

Shops:
D:2 =


Innate Abilities, Weirdness & Mutations

You cannot wear most types of armour.
You are amphibious.
You can wear up to eight rings at the same time.
Your skin changes colour to match your surroundings (Stealth+).
Your rubbery body absorbs attacks. (AC +1, EV +1)
((You are camouflaged near water. (Stealth+)))
You have tentacles for arms and can constrict up to eight enemies at once.


Message History

You hit the water moccasin skeleton.
The water moccasin skeleton is moderately damaged.
You constrict the water moccasin skeleton.
The water moccasin skeleton struggles to escape constriction.
The wyvern zombie bites you.
You hit the water moccasin skeleton.
The water moccasin skeleton is moderately damaged.
You constrict the water moccasin skeleton.
The wyvern zombie barely misses you.
The water moccasin skeleton escapes!
The water moccasin skeleton bites you but does no damage.
The wyvern zombie bites you.
* * * LOW HITPOINT WARNING * * *
You hit the water moccasin skeleton. You grab the water moccasin skeleton.
The water moccasin skeleton is heavily damaged.
You constrict the water moccasin skeleton, but do no damage.
The water moccasin skeleton struggles to escape constriction.
The wyvern zombie misses you.
You hit the water moccasin skeleton.
The water moccasin skeleton is severely damaged.
You constrict the water moccasin skeleton, but do no damage.
The water moccasin skeleton struggles to escape constriction.
The wyvern zombie bites you.
* * * LOW HITPOINT WARNING * * *
The water moccasin skeleton escapes!
Casting: Confusing Touch (dangerous; 9% risk of failure)
Confirm with . or Enter, or press ? or * to list all spells.
Your tentacles begin to glow red.
The wyvern zombie bites you!
* * * LOW HITPOINT WARNING * * *
You hit the wyvern zombie but do no damage.
The wyvern zombie appears confused.
You squeeze the wyvern zombie.
The wyvern zombie is severely damaged.
You hit the wyvern zombie.
The wyvern zombie is severely damaged.
You are too injured to fight recklessly!
You strike the helpless wyvern zombie from behind!
You puncture the wyvern zombie!
You destroy the wyvern zombie!
Your Dodging skill increases to level 3!
The water moccasin skeleton bites you.
You die...

###.# # .#..# ..#
....# #### ..#
....######..### #..#
..............##
#..#
........#####..##..#
.....>.## ##.....#
.).....# ##...##
..####..# ##.@Z##
..# ##..# ##.....#
..## #..# #...##..#
...## #......## #..#
....## ##....# #..#
##...## #.... #..#
<##...## #.... #..
.###...###.... #.
..###........


You could see a water moccasin skeleton (confused).

Vanquished Creatures
  Purgy (Sewer)
  A necrophage (D:4)
  A wyvern zombie (D:4)
  2 hounds (D:4)
  An orc priest (D:3)
  An iguana (D:4)
  3 adders
  2 worms
  2 dart slugs
  5 orcs (D:3)
  6 bats
  7 endoplasms
  11 giant cockroaches
  2 goblins (D:3)
  4 hobgoblins
  6 jackals
  10 kobolds
  7 quokkas
  7 ball pythons
  5 frilled lizards
  7 rats
91 creatures vanquished.

Notes
Turn   | Place    | Note
-------+----------+-------------------------------------------
     0 | D:1      | lordive the Octopode Enchanter began the quest for the Orb.
     0 | D:1      | Reached XP level 1. HP: 11/11 MP: 3/3
    88 | D:1      | Reached XP level 2. HP: 16/17 MP: 5/5
   108 | D:1      | Learned a level 2 spell: Ensorcelled Hibernation
   111 | D:1      | Learned a level 2 spell: Blink
   427 | D:1      | Found a faded altar of an unknown god.
   584 | D:1      | Reached XP level 3. HP: 21/21 MP: 7/7
  1634 | D:2      | Found Luen's Jewellery Emporium.
  1884 | D:3      | Reached XP level 4. HP: 27/27 MP: 8/8
  1904 | D:3      | Reached skill level 5 in Stealth
  2194 | D:3      | Learned a level 3 spell: Confusing Touch
  2295 | D:3      | Reached skill level 1 in Ice Magic
  2346 | D:3      | Reached XP level 5. HP: 21/32 MP: 9/9
  2447 | D:3      | Found a bloodstained altar of Trog.
  3061 | D:4      | Noticed a necrophage
  3102 | D:4      | Killed a necrophage
  3103 | D:4      | Reached skill level 1 in Fighting
  3103 | D:4      | Reached skill level 6 in Stealth
  3103 | D:4      | Reached XP level 6. HP: 2/38 MP: 1/10
  3491 | D:4      | Found a glowing drain.
  3512 | Sewer    | Entered a sewer
  3536 | Sewer    | Noticed Purgy
  3554 | Sewer    | Killed Purgy
  3673 | Sewer    | Reached skill level 7 in Stealth
  3815 | D:4      | Found a staircase to the Ecumenical Temple.
  3832 | Temple   | Entered the Ecumenical Temple
  3986 | D:4      | Reached XP level 7. HP: 43/43 MP: 11/11
  4010 | D:4      | HP: 1/43 [wyvern zombie (7)]
  4014 | D:4      | Slain by a water moccasin skeleton

Illustrated notes

Levels and vault maps discovered:
D:1:      dpeg_arrival_lava_altar, layout_loops_cross,
          ebering_ecumenical_altar_hall, amcnicky_mini_pool_small
D:2:      layout_loops_ring, serial_shops, shop, kennysheep_generic_room_5
D:3:      layout_basic, trog_butcher_becter
D:4:      layout_layer_cave, vehumet_statue, lemuel_tele_altar,
          minmay_temple_entry_wispy, gup_sewer_entry_pipe,
          lightli_corner_chamber
Temple:   nicolae_temple_figure_zero

Skill      XL: |  1  2  3  4  5  6  7 |
---------------+----------------------+-----
Stealth        | 5 6 7 |  7.2
Spellcasting   | 3 |  3.3
Ice Magic      | 1 |  1.7
Fighting       | 1 |  1.1
Short Blades   | 2 |  2.4
Dodging        | 3 |  3.0
Hexes          | |  3.9
Translocations | |  0.6

Action                   |  1- 3 |  4- 6 |  7- 9 || total
-------------------------+-------+-------+-------++-------
Melee: Dagger            |    81 |    85 |    12 ||   178
       Constrict         |    16 |    18 |     2 ||    36
       Tentacles         |     9 |     5 |     1 ||    15
 Cast: Ensorcelled Hiber |     4 |    15 |       ||    19
       Blink             |       |     1 |       ||     1
       Corona            |       |     1 |       ||     1
       Confusing Touch   |       |       |     2 ||     2
  Use: Scroll            |       |     5 |       ||     5
 Stab: Sleeping          |    20 |    26 |     1 ||    47
       Confused          |       |       |     1 ||     1
Armor: Skin              |     7 |    11 |     1 ||    19
Dodge: Dodged            |    53 |    49 |     7 ||   109
